 Dungeon Crawl Stone Soup version 0.21.1-1-g345015f (webtiles) character file.

101869 shakethe the Cleaver (level 15, -1/119 HPs)
             Began as a Demonspawn Gladiator on Feb 27, 2018.
             Was the Champion of Okawaru.
             Slain by a wolf spider (20 damage)
             ... on level 1 of the Spider Nest.
             The game lasted 00:54:05 (34558 turns).

shakethe the Cleaver (Demonspawn Gladiator)        Turns: 34558, Time: 00:54:06

Health: -1/119     AC:  8    Str: 14    XL:     15   Next: 84%
Magic:  17/21      EV: 19    Int: 17    God:    Okawaru [******]
Gold:   1776       SH:  3    Dex: 20    Spells: 6/14 levels left

rFire    + . .     SeeInvis +   X - +12 battleaxe "Rurghapn" {freeze, -Tele +Rage Dex+3}
rCold    + . .     Gourm    .   (shield currently unavailable)
rNeg     . . .     Faith    .   E - quicksilver dragon scales
rPois    +         Spirit   .   (helmet unavailable)
rElec    .         Reflect  +   K - scarf {rC+ rF+}
rCorr    .         Harm     .   M - +0 pair of gloves {Dex+3}
MR       ++...     NoTele   +   h - +1 pair of boots {Stlth+}
Stlth    ++........             r - +3 amulet of reflection
HPRegen  0.29/turn              L - ring of poison resistance {rPois, !d}
MPRegen  0.17/turn              R - ring of see invisible {sInv, !d}

@: corroded
A: horns 3, iridescent scales 1, foul stench 1, spiny 2, rot immunity
a: Heroism, Finesse, Renounce Religion, Evoke Berserk Rage


You were on level 1 of the Spider Nest.
You worshipped Okawaru.
Okawaru was exalted by your worship.
You were hungry.

You visited 4 branches of the dungeon, and saw 24 of its levels.
You also visited: Labyrinth and Ossuary.

You collected 2235 gold pieces.
You spent 459 gold pieces at shops.

Inventory:

Hand Weapons
 v - a +5 broad axe of flaming
   (You acquired it on level 11 of the Dungeon)
 X - the +12 battleaxe "Rurghapn" (weapon) {freeze, -Tele +Rage Dex+3}
   (You bought it in a shop on level 2 of the Orcish Mines)

   It has been specially enchanted to freeze those struck by it, causing extra
   injury to most foes and up to half again as much damage against particularly
   susceptible opponents.
   It can also slow down cold-blooded creatures.
   It affects your dexterity (+3).
   It lets you go berserk.
   It prevents most forms of teleportation.
Missiles
 d - 4 throwing nets (quivered) {=f, !d}
Armour
 h - a +1 pair of boots of stealth (worn)
   (Okawaru gifted it to you on level 13 of the Dungeon)
 s - a +2 cloak
   (You took it off Crazy Yiuf on level 2 of the Dungeon)
 E - quicksilver dragon scales (worn)
   (You found it on level 5 of the Lair of Beasts)
 K - a scarf of resistance (worn)
   (You found it on level 10 of the Dungeon)
 M - a +0 pair of gloves of dexterity (worn)
   (You found it on level 11 of the Dungeon)
Jewellery
 r - a +3 amulet of reflection (around neck)
   (You found it on level 5 of the Dungeon)
 G - an uncursed ring of ice {rC+, rF-}
   (You took it off Fannar on level 1 of the Orcish Mines)
 L - a ring of poison resistance (left hand) {rPois, !d}
   (You found it on level 10 of the Dungeon)
 P - an uncursed ring of ice {rC+, rF-}
   (You found it on level 14 of the Dungeon)
 R - a ring of see invisible (right hand) {sInv, !d}
   (You found it on level 2 of the Lair of Beasts)
 W - an uncursed ring of magical power {MP+9}
   (You found it on level 15 of the Dungeon)
 Y - an uncursed ring of resist corrosion
   (You found it on level 3 of the Lair of Beasts)
Wands
 x - a wand of disintegration (3)
   (You found it on level 13 of the Dungeon)
 y - a wand of enslavement (18)
   (You found it on level 8 of the Dungeon)
 A - a wand of polymorph (13)
   (You found it on level 5 of the Dungeon)
 C - a wand of digging (32)
   (You found it on level 12 of the Dungeon)
 H - a wand of paralysis (23)
   (You found it on level 9 of the Dungeon)
 I - a wand of acid (11)
   (You found it in a labyrinth)
Scrolls
 e - 12 scrolls of identify
 i - 4 scrolls of amnesia
 l - 14 scrolls of remove curse
 m - 6 scrolls of teleportation
 q - 6 scrolls of magic mapping {!r}
 u - a scroll of vulnerability {unknown}
 w - a scroll of blinking {!r}
 D - 5 scrolls of fear
 Q - a scroll of silence
 S - 2 scrolls of fog
 U - 2 scrolls of enchant weapon
Potions
 a - 2 potions of mutation {!q}
 b - 3 potions of invisibility
 c - 3 potions of might
 g - 10 potions of curing
 j - 8 potions of brilliance
 n - 4 potions of resistance
 o - 5 potions of flight
 p - 3 potions of lignification {!q}
 t - a potion of ambrosia
 z - 3 potions of haste
 N - 2 potions of magic {unknown}
 O - a potion of agility
 T - a potion of heal wounds
 Z - 3 potions of berserk rage {!q}
Miscellaneous
 k - a phantom mirror
 V - a lamp of fire
   (You found it on level 3 of the Lair of Beasts)
Comestibles
 f - 19 rations
 B - a chunk of flesh {@w0@w0}


   Skills:
 + Level 11.5 Fighting
 * Level 13.5 Axes
 - Level 1.7 Throwing
 + Level 4.9 Armour
 + Level 10.8 Dodging
 - Level 5.3 Charms
 + Level 12.5 Necromancy
 + Level 10.4 Earth Magic
 - Level 9.0 Invocations


You had 6 spell levels left.
You knew the following spells:

 Your Spells              Type           Power        Failure   Level  Hunger
a - Borgnjor's Vile Clut  Necr/Erth      #####.....   11%         5    ######.
r - Regeneration          Chrm/Necr      ####......   3%          3    ####...


Dungeon Overview and Level Annotations

Branches:
Dungeon (15/15)            Temple (0/1) D:5            Lair (6/6) D:8
 Shoals (0/4) Lair:3       Spider (1/4) Lair:3        Slime (0/5) Lair:6
    Orc (2/2) D:11            Elf (0/3) Orc:2        Vaults (0/5) D:13
 Depths (0/5) D:15

Altars:
Ashenzari
Fedhas
Gozag
Hepliaklqana
Makhleb
Nemelex Xobeh
Okawaru
Ru
Sif Muna
Trog
Uskayaw
Vehumet
Wu Jian
Xom
Zin
The Shining One

Shops:
D:7 [   D:8 :   D:9 [   D:14 (   Orc:2 *[(:

Annotations:
Lair:6 exclusion: 4 oklob plants


Innate Abilities, Weirdness & Mutations

You have a pair of large horns on your head.
You are partially covered in iridescent scales. (AC +2)
You may emit foul miasma when damaged in melee.
You are mostly covered in sharp spines.
You are immune to rotting.


Message History

Aim: a redback Decaying hands burst forth from the earth!
Zombie hands grab the redback. x2; Zombie hands grab the jumping spider.
Zombie hands grab the redback.
Zombie hands grab the entropy weaver.
Zombie hands grab the redback.
You are feeling hungry.
The zombie hands constrict the redback.
The zombie hands constrict the jumping spider.
The zombie hands constrict the redback.
The zombie hands constrict the entropy weaver!
The zombie hands constrict the redback! x2
The redback bites you but does no damage.
The redback is struck by your spines. The redback bites you!
The jumping spider is engulfed in dark miasma.
The jumping spider is poisoned.
The jumping spider pounces on you!
You are even more entangled.
The jumping spider bites you.
The redback struggles to escape constriction.
The redback bites you but does no damage.
The redback looks sick.
The entropy weaver is struck by your spines.
The entropy weaver hits you.
You emit a cloud of foul miasma!
The entropy weaver hits you. x2; The entropy weaver closely misses you.
The redback barely misses you. The redback is struck by your spines.
The redback bites you!
The redback looks sick.
You emit a cloud of foul miasma!
The jumping spider is engulfed in dark miasma.
The jumping spider looks even sicker.
The jumping spider is struck by your spines.
The jumping spider pounces on you!
* * * LOW HITPOINT WARNING * * *
You are even more entangled.
The jumping spider bites you.
* * * LOW HITPOINT WARNING * * *
A jumping spider comes into view.
You take 51 damage, and have 33/119 hp.
MASSIVE DAMAGE!!
You now have 16/21 mp.
You struggle to detach yourself from the web.
The zombie hands constrict the redback!
You kill the redback!
Okawaru accepts your kill.
The zombie hands constrict the jumping spider.
You kill the jumping spider!
Okawaru accepts your kill.
The zombie hands constrict the redback.
You kill the redback!
Okawaru accepts your kill.
The zombie hands constrict the entropy weaver!!
The zombie hands constrict the redback.
The zombie hands constrict the redback!
The redback struggles to escape constriction.
The jumping spider moves out of view.
The redback barely misses you.
The entropy weaver is engulfed in dark miasma.
The entropy weaver is poisoned.
The entropy weaver seems to slow down.
The entropy weaver gestures wildly while chanting.
The entropic weave corrodes you!
The redback struggles to escape constriction.
The web tears apart.
The zombie hands constrict the entropy weaver!
The zombie hands constrict the redback!
You kill the redback!
Okawaru accepts your kill.
The zombie hands constrict the redback!
You kill the redback!
Okawaru accepts your kill. The redback misses you.
The entropy weaver is engulfed in dark miasma.
The entropy weaver looks even sicker.
You kill the entropy weaver!
Okawaru accepts your kill. Something appears at your feet!
Okawaru grants you a weapon! The redback is struck by your spines.
The redback closely misses you.
You slash the redback! You freeze the redback.
Your headbutt misses the redback.
The jumping spider leaps!
The redback is struck by your spines.
You kill the redback!
Okawaru accepts your kill.
The wolf spider is struck by your spines.
The wolf spider completely misses you. The wolf spider bites you!
* * * LOW HITPOINT WARNING * * *
You take 8 damage, and have 25/119 hp.
The jumping spider leaps!
You closely miss the wolf spider.
The wolf spider is struck by your spines.
The wolf spider barely misses you.
The wolf spider bites you but does no damage.
The wolf spider is struck by your spines.
The wolf spider hits you.
* * * LOW HITPOINT WARNING * * *
The wolf spider bites you but does no damage.
You take 5 damage, and have 20/119 hp.
Okay, then.
The jumping spider leaps!
The orb spider spins a strand of pure energy.
The wolf spider is struck by your spines.
The wolf spider hits you.
* * * LOW HITPOINT WARNING * * *
You block the wolf spider's attack.
You take 2 damage, and have 19/119 hp.
You slash the wolf spider! You freeze the wolf spider.
The wolf spider hits you!!
You die...

#................#..........
##...............##.........
#.....^.#≈#.......#.........
≈≈##..###.≈.......#.........
...##≈#...........#.........
.................###s.......
...>.............#.s†††.....
....................)†......
................@s..†.......
............................
.............>..............
.#..........................
#≈.........≈.................####
≈≈≈.../..#≈##≈#.................#
..≈≈..###≈.....................##
#..#≈##..........................
##...............................


You could see a wolf spider, an orb spider and a jumping spider.

Vanquished Creatures
  Kirke (D:13)
  An orc warlord (Orc:2)
  3 entropy weavers
  Azrael (D:13)
  A minotaur (Lab)
  A fire dragon (Lair:6)
  Josephine (Orc:1)
  6 hydras
  Harold (Lair:2)
  8 vault guards (D:13)
  Fannar (Orc:1)
  The ghost of Autsider the Spear-Bearer, a journeyman MfSu of the Shining One (D:11)
  2 centaur warriors
  3 two-headed ogres
  A catoblepas (Lair:5)
  A queen ant (Lair:4)
  2 orc high priests (Orc:2)
  2 unseen horrors
  An unseen horror (shapeshifter) (D:13)
  A sea snake (shapeshifter) (D:15)
  A lindwurm (Lair:3)
  A swamp dragon (Lair:6)
  A lindwurm (shapeshifter) (D:15)
  An oklob plant (Lair:6)
  4 orb spiders
  4 orc knights
  An orb spider (shapeshifter) (D:15)
  4 wolf spiders
  4 manticores
  3 orc sorcerers (Orc:2)
  6 ugly things
  2 cyclopes
  10 elephants
  A guardian serpent (Lair:6)
  9 black mambas
  18 spiny frogs
  6 komodo dragons
  2 kobold demonologists (D:14)
  2 demonic crawlers (Spider:1)
  3 rime drakes
  An efreet (D:15)
  A freezing wraith (D:15)
  8 trolls
  3 meliai (D:14)
  A meliai (shapeshifter) (D:15)
  6 jumping spiders (Spider:1)
  A queen bee (shapeshifter) (D:15)
  10 hornets
  A harpy skeleton (D:15)
  19 blink frogs
  5 hippogriffs
  14 slime creatures
  A snapping turtle (Lair:3)
  2 shadows
  Sigmund (D:2)
  A vampire (D:15)
  22 yaks
  2 water elementals (D:15)
  3 tarantellas (Spider:1)
  12 wyverns
  3 wraiths (Orc:1)
  Eustachio (D:4)
  10 redbacks
  2 steam dragons
  5 basilisks
  6 fire elementals (D:13)
  3 hogs (D:13)
  3 vampire mosquitoes (D:15)
  A hungry ghost (D:7)
  2 wargs (D:8)
  Menkaure (D:4)
  Edmund (D:6)
  6 acid dragons (Lair:6)
  Duvessa (D:4)
  21 soldier ants
  2 hell hounds (D:13)
  16 water moccasins
  A swamp drake (Lair:6)
  37 orc warriors
  3 porcupines
  2 eyes of draining
  2 ice beasts
  4 phantoms
  A hornet zombie (D:14)
  An eye of draining (shapeshifter) (D:15)
  3 sky beasts
  A black bear (D:10)
  6 centaurs
  7 boggarts (D:15)
  A necrophage (D:9)
  14 ogres
  6 wolves (Lair:5)
  13 crocodiles
  7 big kobolds
  Blork the orc (D:6)
  16 bullfrogs
  Dowan (D:4)
  5 scorpions
  A water moccasin skeleton (D:4)
  3 killer bees (D:8)
  9 wights
  8 howler monkeys
  5 electric eels
  6 crimson imps
  3 centaur zombies
  A quasit (D:11)
  7 hounds
  2 jellies
  3 bullfrog zombies (D:5)
  Crazy Yiuf (D:2)
  18 orc priests
  2 bullfrog skeletons
  18 orc wizards
  4 centaur skeletons
  4 iguanas
  39 worker ants
  A hound zombie (D:9)
  3 hound skeletons
  3 mummies (Ossuary)
  2 worker ant zombies (D:5)
  8 adders
  2 shadow imps
  An ooze (D:3)
  2 adder skeletons
  3 adder zombies (D:5)
  3 worms
  A dart slug (D:2)
  8 leopard geckos
  87 orcs
  7 giant cockroaches
  5 gnoll zombies (Ossuary)
  7 goblins
  8 hobgoblins
  5 jackals
  19 bats
  11 frilled lizards
  A giant cockroach zombie (D:5)
  A gnoll skeleton (Ossuary)
  6 goblin skeletons (Ossuary)
  2 goblin zombies (Ossuary)
  2 hobgoblin skeletons (Ossuary)
  5 hobgoblin zombies (Ossuary)
  30 kobolds
  2 kobold skeletons (Ossuary)
  A kobold zombie (Ossuary)
  A leopard gecko skeleton (D:5)
  A leopard gecko zombie (D:8)
  3 orc skeletons (Ossuary)
  4 orc zombies (Ossuary)
  A quokka zombie (D:7)
  3 rats
  6 rat zombies
  10 fungi
  3 plants
854 creatures vanquished.

Vanquished Creatures (others)
  An orc wizard (D:12)
  A mummy (Ossuary)
  An orc (D:11)
  A gnoll zombie (Ossuary)
  4 gnoll skeletons (Ossuary)
  A goblin skeleton (Ossuary)
  A goblin zombie (Ossuary)
  2 hobgoblin skeletons (Ossuary)
  A kobold skeleton (Ossuary)
  An orc skeleton (Ossuary)
  2 rat skeletons (Ossuary)
  A rat zombie (Ossuary)
  21 fungi
  17 plants
55 creatures vanquished.

Grand Total: 909 creatures vanquished

Notes
Turn   | Place    | Note
-------+----------+-------------------------------------------
     0 | D:1      | shakethe the Demonspawn Gladiator began the quest for the Orb.
     0 | D:1      | Reached XP level 1. HP: 16/16 MP: 1/1
   303 | D:1      | Gained mutation: You are partially covered in iridescent scales. (AC +2) [demonic ancestry]
   303 | D:1      | Reached XP level 2. HP: 17/22 MP: 2/2
   389 | D:1      | Reached skill level 3 in Axes
   389 | D:1      | Reached skill level 3 in Dodging
  1217 | D:2      | Reached XP level 3. HP: 15/28 MP: 3/3
  1413 | D:2      | HP: 7/28 [poisoned by an adder]
  1419 | D:2      | HP: 6/28 [poisoned by an adder]
  1427 | D:2      | HP: 4/28 [poisoned by an adder]
  1706 | D:2      | Noticed Sigmund
  1779 | D:2      | Found a glowing silver altar of Zin.
  1846 | D:2      | Found an opulent altar of Gozag.
  1950 | D:2      | Killed Sigmund
  1950 | D:2      | Reached skill level 3 in Fighting
  1950 | D:2      | Gained mutation: You have a pair of small horns on your head. [demonic ancestry]
  1950 | D:2      | Reached XP level 4. HP: 28/37 MP: 4/4
  1950 | D:2      | Reached XP level 5. HP: 32/42 MP: 5/5
  1965 | D:2      | Reached skill level 4 in Axes
  1974 | D:2      | Reached skill level 4 in Dodging
  2168 | D:2      | Found a runed door.
  2436 | D:2      | Noticed Crazy Yiuf
  2443 | D:2      | Killed Crazy Yiuf
  2785 | D:3      | Reached XP level 6. HP: 29/48 MP: 4/6
  3046 | D:3      | Reached skill level 4 in Fighting
  3300 | D:3      | Found a burning altar of Makhleb.
  3300 | D:3      | Found a radiant altar of Vehumet.
  3372 | D:4      | Noticed Eustachio
  3823 | D:4      | Killed Eustachio
  4098 | D:4      | Found a blossoming altar of Fedhas.
  4137 | D:4      | Reached skill level 5 in Axes
  4137 | D:4      | Gained mutation: You are partially covered in sharp spines. [demonic ancestry]
  4137 | D:4      | Reached XP level 7. HP: 45/55 MP: 7/7
  4207 | D:4      | HP: 11/55 [orc/trident (6)]
  4216 | D:4      | HP: 10/55 [crimson imp (1)]
  4229 | D:4      | HP: 11/55 [crimson imp (1)]
  4862 | D:4      | Noticed Menkaure
  4869 | D:4      | Killed Menkaure
  4869 | D:4      | Reached skill level 5 in Fighting
  4869 | D:4      | Reached skill level 5 in Dodging
  5011 | D:4      | Noticed Dowan
  5012 | D:4      | Noticed Duvessa
  5020 | D:4      | Killed Duvessa
  5020 | D:4      | Reached skill level 6 in Axes
  5020 | D:4      | Reached XP level 8. HP: 48/62 MP: 5/8
  5028 | D:4      | Killed Dowan
  5808 | D:5      | Entered Level 5 of the Dungeon
  5822 | D:5      | HP: 5/63 [orc warrior/hand axe (12)]
  6148 | D:5      | Found a shattered altar of Ashenzari.
  6177 | D:5      | Found an iron altar of Okawaru.
  6191 | D:5      | Reached skill level 7 in Axes
  6358 | D:5      | Became a worshipper of Warmaster Okawaru
  6472 | D:5      | Reached skill level 1 in Invocations
  6615 | D:5      | Found a sparkling altar of Nemelex Xobeh.
  6616 | D:5      | Found an opulent altar of Gozag.
  6755 | D:5      | Reached skill level 6 in Fighting
  6789 | D:5      | Found a staircase to the Ecumenical Temple.
  6818 | D:5      | Reached skill level 6 in Dodging
  6861 | D:5      | Reached skill level 2 in Invocations
  6870 | D:5      | Reached * piety under Okawaru
  7032 | D:6      | Gained mutation: You are immune to rotting. [demonic ancestry]
  7032 | D:6      | Reached XP level 9. HP: 54/69 MP: 10/10
  7291 | D:6      | Found a hazy altar of Hepliaklqana.
  7291 | D:6      | Found a sacrificial altar of Ru.
  7327 | D:6      | Noticed Blork the orc
  7333 | D:6      | HP: 16/70 [Blork the orc/flail of holy wrath (8)]
  7338 | D:6      | HP: 7/70 [Blork the orc/flail of holy wrath (4)]
  7339 | D:6      | Killed Blork the orc
  7343 | D:6      | HP: 4/70 [poisoned by a worker ant]
  7731 | D:6      | Reached skill level 3 in Invocations
  7986 | D:6      | Noticed Edmund
  7997 | D:6      | Killed Edmund
  7997 | D:6      | Reached skill level 8 in Axes
  8421 | D:7      | Found a sand-covered staircase.
  8424 | Ossuary  | Entered an ossuary
  8730 | D:7      | Found a hazy altar of Hepliaklqana.
  8745 | D:7      | Found a hide-covered altar of Uskayaw.
  8751 | D:7      | Reached ** piety under Okawaru
  8756 | D:7      | Reached skill level 4 in Invocations
  8901 | D:7      | Reached skill level 7 in Fighting
  9184 | D:7      | Found Derphil's Antique Armour Emporium.
  9403 | D:7      | Found a deep blue altar of Sif Muna.
  9509 | D:8      | Reached skill level 5 in Invocations
  9542 | D:8      | Found Coqifuag's Book Boutique.
  9582 | D:8      | Reached *** piety under Okawaru
  9582 | D:8      | Reached skill level 9 in Axes
  9586 | D:8      | Reached skill level 7 in Dodging
  9594 | D:8      | Gained mutation: You have a pair of horns on your head. [demonic ancestry]
  9594 | D:8      | Reached XP level 10. HP: 59/79 MP: 12/14
  9606 | D:8      | Noticed a two-headed ogre
  9624 | D:8      | HP: 19/79 [two-headed ogre/giant spiked club (9)]
  9625 | D:8      | Killed a two-headed ogre
  9625 | D:8      | Reached **** piety under Okawaru
  9625 | D:8      | Reached skill level 6 in Invocations
 10131 | D:8      | Found a staircase to the Lair.
 10410 | D:8      | Learned a level 3 spell: Regeneration
 10991 | D:9      | Found a glowing golden altar of the Shining One.
 11068 | D:9      | Reached skill level 1 in Necromancy
 11232 | D:9      | Reached ***** piety under Okawaru
 11232 | D:9      | Reached skill level 8 in Fighting
 11232 | D:9      | Reached skill level 10 in Axes
 11613 | D:9      | Reached skill level 2 in Necromancy
 11753 | D:9      | Found an ornate altar of the Wu Jian Council.
 11767 | D:9      | Reached skill level 7 in Invocations
 11795 | D:9      | Found Zoajaysh's Armour Shop.
 12023 | D:10     | Entered Level 10 of the Dungeon
 12563 | D:10     | Learned a level 5 spell: Borgnjor's Vile Clutch
 12904 | D:11     | Found a shimmering altar of Xom.
 12905 | D:11     | Noticed a manticore
 12912 | D:11     | Killed a manticore
 12912 | D:11     | Gained mutation: You have a pair of large horns on your head. [demonic ancestry]
 12912 | D:11     | Reached XP level 11. HP: 66/86 MP: 16/16
 13177 | D:11     | Noticed Autsider's ghost (journeyman MfSu)
 13191 | D:11     | Noticed a brown ugly thing
 13198 | D:11     | Killed Autsider's ghost
 13198 | D:11     | Received a gift from Okawaru
 13198 | D:11     | Reached skill level 8 in Dodging
 13198 | D:11     | Reached skill level 1 in Charms
 13198 | D:11     | Reached skill level 3 in Necromancy
 13198 | D:11     | Reached skill level 1 in Earth Magic
 13204 | D:11     | HP: 18/87 [acid (12)]
 13213 | D:11     | Killed a brown ugly thing
 14115 | D:11     | Found a staircase to the Orcish Mines.
 14197 | D:11     | Noticed a two-headed ogre
 14203 | D:11     | Killed a two-headed ogre
 14292 | D:11     | Identified a scroll of acquirement
 14709 | D:12     | Reached skill level 8 in Invocations
 14731 | D:12     | Reached skill level 2 in Earth Magic
 14733 | D:12     | Reached skill level 2 in Charms
 15018 | D:12     | Killed an unseen horror
 15018 | D:12     | Reached skill level 4 in Necromancy
 15037 | D:12     | HP: 16/87 [slime creature (12)]
 15361 | D:12     | Reached skill level 11 in Axes
 15727 | D:12     | Reached skill level 9 in Fighting
 15808 | D:12     | Reached ****** piety under Okawaru
 15856 | D:12     | Received a gift from Okawaru
 15931 | D:13     | Noticed a centaur warrior
 15940 | D:13     | Killed a centaur warrior
 15940 | D:13     | Reached skill level 3 in Charms
 15940 | D:13     | Reached skill level 3 in Earth Magic
 15940 | D:13     | Gained mutation: You may emit foul miasma when damaged in melee. [demonic ancestry]
 15940 | D:13     | Reached XP level 12. HP: 74/95 MP: 18/18
 15988 | D:13     | Noticed Azrael
 16301 | Lair:1   | Entered Level 1 of the Lair of Beasts
 16395 | Lair:1   | Found a labyrinth entrance.
 16431 | Lab      | Entered a labyrinth
 17816 | Lab      | Noticed a minotaur
 17826 | Lab      | Killed a minotaur
 17826 | Lab      | Reached skill level 9 in Invocations
 17833 | Lab      | Got a crystal trident
 17834 | Lab      | Identified the cursed +1 trident of Jyfotosi {pierce, rF+ rC- Dex+4} (You found it in a labyrinth)
 17902 | Lair:1   | Reached skill level 5 in Necromancy
 18057 | Lair:1   | Received a gift from Okawaru
 18060 | Lair:1   | Got warped quicksilver dragon scales {god gift}
 18071 | Lair:1   | Identified the quicksilver dragon scales of Classification {-Tele +Inv rPois MR+ SInv} (Okawaru gifted it to you on level 1 of the Lair of Beasts)
 18999 | Lair:2   | Noticed Harold
 19024 | Lair:2   | Killed Harold
 19024 | Lair:2   | Reached skill level 9 in Dodging
 19024 | Lair:2   | Reached skill level 4 in Charms
 19024 | Lair:2   | Reached skill level 4 in Earth Magic
 19813 | Lair:3   | Noticed a seven-headed hydra
 19822 | Lair:3   | Killed a two-headed hydra
 19822 | Lair:3   | Reached skill level 12 in Axes
 19826 | Lair:3   | Reached skill level 6 in Necromancy
 19829 | Lair:3   | HP: 23/97 [electric eel/bolt of electricity (11)]
 20534 | Lair:3   | Noticed a five-headed hydra
 20541 | Lair:3   | Killed a one-headed hydra
 20541 | Lair:3   | Reached XP level 13. HP: 86/103 MP: 19/19
 20654 | Lair:3   | Found a hole to the Spider Nest.
 20667 | Lair:3   | Reached skill level 10 in Fighting
 20805 | Lair:3   | Found a staircase to the Shoals.
 20927 | Lair:4   | Noticed an entropy weaver
 20929 | Lair:4   | Noticed an entropy weaver
 20962 | Lair:3   | HP: 25/103 [poisoned by a queen ant]
 20967 | Lair:3   | HP: 22/103 [poisoned by a queen ant]
 20972 | Lair:3   | HP: 19/103 [poisoned by a queen ant]
 20977 | Lair:3   | HP: 19/103 [poisoned by a queen ant]
 20982 | Lair:3   | HP: 18/103 [poisoned by a queen ant]
 20990 | Lair:3   | HP: 18/103 [poisoned by a queen ant]
 21319 | Lair:3   | HP: 21/103 [entropy weaver (11)]
 21323 | Lair:3   | Killed an entropy weaver
 21324 | Lair:3   | HP: 19/103 [poisoned by a soldier ant]
 21329 | Lair:3   | HP: 16/103 [poisoned by a soldier ant]
 21334 | Lair:3   | HP: 15/103 [poisoned by a soldier ant]
 21339 | Lair:3   | HP: 14/103 [poisoned by a soldier ant]
 21346 | Lair:3   | HP: 14/103 [poisoned by a soldier ant]
 21354 | Lair:3   | HP: 14/103 [poisoned by a soldier ant]
 21692 | Lair:3   | HP: 24/103 [entropy weaver (11)]
 21694 | Lair:3   | Killed an entropy weaver
 21694 | Lair:3   | Reached skill level 5 in Charms
 21694 | Lair:3   | Reached skill level 5 in Earth Magic
 22009 | Lair:4   | Reached skill level 7 in Necromancy
 22464 | Lair:4   | Received a gift from Okawaru
 22839 | Lair:4   | Reached skill level 6 in Earth Magic
 23420 | Lair:5   | Reached skill level 8 in Necromancy
 23895 | Lair:5   | Found a sparkling altar of Nemelex Xobeh.
 24377 | Lair:6   | Entered Level 6 of the Lair of Beasts
 24383 | Lair:6   | Received a gift from Okawaru
 24670 | Lair:6   | Reached skill level 7 in Earth Magic
 24673 | Lair:6   | Reached skill level 9 in Necromancy
 25007 | Lair:6   | Gained mutation: You are mostly covered in sharp spines. [demonic ancestry]
 25007 | Lair:6   | Reached XP level 14. HP: 94/111 MP: 20/20
 25016 | Lair:6   | Received a gift from Okawaru
 25029 | Lair:6   | Got a pair of translucent boots {god gift}
 25040 | Lair:6   | Identified the +0 pair of boots "Piunutaips" {rF- Regen+ Int-5 Dex+4} (Okawaru gifted it to you on level 6 of the Lair of Beasts)
 25193 | Lair:6   | Reached skill level 8 in Earth Magic
 25229 | Lair:6   | Reached skill level 10 in Necromancy
 25312 | Lair:6   | Found a staircase to the Slime Pits.
 25327 | Lair:6   | HP: 11/111 [acid (17)]
 25360 | Lair:6   | HP: 13/111 [hornet (14)]
 26284 | Lair:6   | Reached skill level 9 in Earth Magic
 26640 | Lair:6   | Reached skill level 11 in Necromancy
 27301 | D:13     | Killed Azrael
 27320 | D:13     | Received a gift from Okawaru
 27320 | D:13     | Reached skill level 1 in Armour
 27349 | D:13     | HP: 26/111 [vault guard/war axe (5)]
 27357 | D:13     | HP: 23/111 [vault guard/great mace (13)]
 27358 | D:13     | Found a gate to the Vaults.
 27358 | D:13     | Received a gift from Okawaru
 27882 | D:13     | Reached skill level 2 in Armour
 28103 | D:13     | Got a transparent ring mail
 28341 | D:13     | Noticed Kirke
 28349 | D:13     | Reached skill level 10 in Dodging
 28356 | D:13     | Killed Kirke
 29277 | D:14     | Reached XP level 15. HP: 117/117 MP: 21/21
 29360 | D:14     | Found Ijudex's Weapon Boutique.
 29750 | D:15     | Entered Level 15 of the Dungeon
 29758 | D:15     | Identified the cursed +1 ring mail of the Yeti {rElec rPois rF+} (You found it on level 13 of the Dungeon)
 29798 | D:15     | Reached skill level 3 in Armour
 29818 | D:15     | Reached skill level 13 in Axes
 30103 | D:15     | HP: 17/117 [cyan ugly thing (16)]
 30288 | D:15     | Reached skill level 11 in Fighting
 30370 | D:15     | Received a gift from Okawaru
 30386 | D:15     | Reached skill level 12 in Necromancy
 30426 | D:15     | Reached skill level 10 in Earth Magic
 30506 | D:15     | Got a steaming battleaxe {god gift}
 30507 | D:15     | Identified the +1 battleaxe "Duomm" {elec, +Inv rPois Int-3} (Okawaru gifted it to you on level 15 of the Dungeon)
 30552 | D:15     | Found a staircase to the Depths.
 30810 | D:15     | HP: 27/118 [electric eel/bolt of electricity (11)]
 31690 | Orc:1    | Entered Level 1 of the Orcish Mines
 31701 | Orc:1    | Noticed Josephine
 31710 | Orc:1    | Reached skill level 4 in Armour
 31713 | Orc:1    | Killed Josephine
 31986 | Orc:1    | Noticed Fannar
 32003 | Orc:1    | Killed Fannar
 32092 | Orc:2    | Entered Level 2 of the Orcish Mines
 32092 | Orc:2    | Found Zeleypaiwn's Book Shop.
 32236 | Orc:2    | Found Duumuik's Antique Weapon Emporium.
 32262 | Orc:2    | Received a gift from Okawaru
 32522 | Orc:2    | Noticed an orc warlord
 32534 | Orc:2    | Killed an orc warlord
 32976 | Orc:2    | Found Paph's Antique Armour Shop.
 33099 | Orc:2    | Paralysed by an orc sorcerer for 2 turns
 33236 | Orc:2    | Found Xyn Ytz's General Store.
 33260 | Orc:2    | Bought a scroll of teleportation for 45 gold pieces
 33513 | Orc:2    | Found a staircase to the Elven Halls.
 33701 | Orc:1    | Found a bloodstained altar of Trog.
 33917 | Orc:2    | Bought an ancient battleaxe for 414 gold pieces
 33917 | Orc:2    | Identified the +12 battleaxe "Rurghapn" {freeze, -Tele +Rage Dex+3} (You bought it in a shop on level 2 of the Orcish Mines)
 34137 | Spider:1 | Entered Level 1 of the Spider Nest
 34551 | Spider:1 | Received a gift from Okawaru
 34552 | Spider:1 | HP: 25/119 [wolf spider (9)]
 34557 | Spider:1 | HP: 19/119 [wolf spider (2)]
 34558 | Spider:1 | Slain by a wolf spider

Skill      XL: |  1  2  3  4  5  6  7  8  9 10 11 12 13 14 15 |
---------------+----------------------------------------------+-----
Axes           | 3 4 5 6 7 9 10 11 12 13 | 13.5
Dodging        | 3 4 5 6 7 8 9 10 | 10.8
Fighting       | 3 4 5 6 7 8 9 10 11 | 11.5
Invocations    | 2 5 7 8 9 |  9.0
Necromancy     | 2 4 6 9 11 12 | 12.5
Charms         | 3 4 5 |  5.3
Earth Magic    | 3 4 7 9 10 | 10.4
Armour         | 2 4 |  4.9
Throwing       | |  1.7

Action                   |  1- 3 |  4- 6 |  7- 9 | 10-12 | 13-15 || total
-------------------------+-------+-------+-------+-------+-------++-------
Melee: War axe           |   134 |   125 |   300 |   208 |       ||   767
       Headbutt          |       |    20 |    50 |    94 |   215 ||   379
       Punch             |       |       |       |     5 |       ||     5
       Broad axe         |       |       |       |   278 |   960 ||  1238
       Battleaxe         |       |       |       |       |    42 ||    42
Throw: Throwing net      |     1 |     4 |       |       |     1 ||     6
 Cast: Regeneration      |       |       |       |     2 |    21 ||    23
       Borgnjor's Vile C |       |       |       |       |    19 ||    19
Invok: Heroism           |       |       |       |     8 |     8 ||    16
       Finesse           |       |       |       |     2 |     4 ||     6
Evoke: Wand              |       |       |       |     1 |       ||     1
  Use: Scroll            |       |     3 |    19 |    10 |    10 ||    42
       Potion            |       |     1 |     1 |     2 |     4 ||     8
 Stab: Sleeping          |       |     1 |       |       |     1 ||     2
       Distracted        |       |       |       |       |     1 ||     1
  Eat: Chunk             |     3 |     5 |    12 |    15 |    10 ||    45
       Ration            |       |     1 |     2 |     6 |    14 ||    23
Armor: Leather armour    |    51 |    56 |    81 |     9 |       ||   197
       Steam dragon scal |       |       |       |   101 |    10 ||   111
       Quicksilver drago |       |       |       |    46 |   308 ||   354
Dodge: Dodged            |   109 |   121 |   211 |   413 |   754 ||  1608
Block: Other             |       |       |    17 |    74 |   132 ||   223
       Reflection        |       |       |       |    12 |     4 ||    16

Vault maps used:
D:1:      dpeg_arrival_orchard
D:2:      lemuel_round_altar, minivault_14,
          nicolae_gozag_cash_rules_everything_around_me, uniq_sigmund,
          uniq_crazy_yiuf_cottage
D:3:      grunt_temple_overflow_lords_of_destruction
D:4:      first_ration, fedhas_altar_1, uniq_eustachio, uniq_duvessa,
          uniq_menkaure
D:5:      grunt_temple_overflow_opulence, lemuel_round_altar,
          old_standard_altar, temple_fountains, serial_undead, serial_undead_a,
          serial_undead_c, serial_undead_b, serial_undead_d, serial_undead_f
D:6:      chequers_temple_overflow_statue_of_worship,
          hangedman_abyss_or_decor_stagger, uniq_edmund, uniq_blork_the_orc
D:7:      eat_drink_and_be_merry_uskayaw, lemuel_round_altar, basic_altar,
          enter_ossuary_4, serial_shops, kennysheep_mini, hex_medium
D:8:      erik_lair_orcish_takeover, serial_shops, shop
D:9:      nicolae_tso_carved_into_rock, overflow_temple_1_default, serial_shops,
          nicolae_shop_waterfront, hangedman_pestilent_swarm
D:11:     david_orc_4, serial_aquarium, aquarium_bridge_straight,
          aquarium_bridge_straight, aquarium_window_fake, aquarium_window_3,
          aquarium_window_1, aquarium_view_2b, aquarium_view_2g,
          aquarium_balcony_5b, aquarium_pool_2, basic_altar
D:12:     special_room
D:13:     erik_vaults_2, uniq_azrael, uniq_kirke
D:14:     solitary_fountain, serial_shops, shop
D:15:     gammafunk_enter_depths_forms, hangedman_decor_lopped
Lair:1:   lab_entry_generic
Lair:2:   minmay_holes, minmay_lindwurm_lava, uniq_harold
Lair:3:   minmay_shoals_entry_hut, nicolae_spider_entry_orb_guardian,
          st_stairs_11, roderic_batcave
Lair:4:   zaba_anthell, lemuel_fruit_fields
Lair:5:   basic_altar, infiniplex_staircase_pool
Lair:6:   hangedman_lair_tendril_chambers, guppyfry_lair_end_dragon,
          minmay_slime_entry_oklob_open, serial_bayou_shore_b,
          lemuel_fruit_fields
Orc:1:    bloody_trog, uniq_josephine, uniq_fannar
Orc:2:    grunt_orc_gardens, grunt_orc_garden, grunt_orc_garden,
          grunt_orc_garden, grunt_orc_garden
Lab:      labyrinth_hidden_loot
Ossuary:  ossuary_due_pyramid

Table legend:
 A = Turns spent in this place as a percentage of turns spent in the entire game.
 B = Non-inter-level travel turns spent in this place as a percentage of non-inter-level travel turns spent in the entire game.
 C = Inter-level travel turns spent in this place as a percentage of turns spent in this place.
 D = Turns resting spent in this place as a percentage of non-inter-level travel turns spent in this place.
 E = Turns spent auto-exploring this place as a percentage of non-inter-level travel turns spent in this place.
 F = Non-inter-level travel turns spent in this place divided by the number of levels of this place that you've seen.
                   A       B       C       D       E      F
               +-------+-------+-------+-------+-------+----------------------
         Total | 100.0 | 100.0 |   3.7 |  34.2 |  44.8 | 1279.8
       Dungeon |  60.4 |  59.8 |   4.6 |  35.1 |  50.1 | 1326.6
          Lair |  26.8 |  27.1 |   2.6 |  36.9 |  44.6 | 1502.7
   Spider Nest |   1.2 |   1.3 |   0.0 |  38.7 |  30.9 | 421.0
  Orcish Mines |   6.6 |   6.6 |   3.6 |  40.5 |  30.8 | 1106.0
     Labyrinth |   4.2 |   4.3 |   0.0 |   0.0 |   0.0 | 1435.0
       Ossuary |   0.8 |   0.9 |   0.0 |   0.0 |  37.5 | 291.0
               +-------+-------+-------+-------+-------+----------------------

Table legend:
 A = Kills in this place as a percentage of kills in entire the game.
 B = Kills by you in this place as a percentage of kills by you in the entire game.
 C = Kills by friends in this place as a percentage of kills by friends in the entire game.
 D = Other kills in this place as a percentage of other kills in the entire game.
 E = Experience gained in this place as a percentage of experience gained in the entire game.
 F = Experience gained in this place divided by the number of levels of this place that you have seen.
                   A       B       C       D       E      F
               +-------+-------+-------+-------+-------+----------------------
         Total | 100.0 | 100.0 |   N/A | 100.0 | 100.0 | 5597.2
       Dungeon |  54.6 |  54.6 |   N/A | 100.0 |  41.5 | 4026.2
          Lair |  27.6 |  27.6 |   N/A |   0.0 |  40.0 | 9708.7
   Spider Nest |   3.2 |   3.2 |   N/A |   0.0 |   6.6 | 9635.0
  Orcish Mines |  10.8 |  10.8 |   N/A |   0.0 |  11.0 | 8037.0
     Labyrinth |   0.1 |   0.1 |   N/A |   0.0 |   0.8 | 1124.0
       Ossuary |   3.6 |   3.6 |   N/A |   0.0 |   0.0 |  50.0
               +-------+-------+-------+-------+-------+----------------------
